AoeStats
← chpstkx

Lombardia

510181511Analyzed
2v2 RM · 3d ago on Sep 29, 2026· 19m 33s· 4 players
Game mode
Random Map
Map size
Medium (4 player)
Population
200
Speed
Normal
Resources
Standard
Victory
Conquest
Starting age
Dark Age
Ending age
Imperial Age
RankedLock teamsTeams togetherTeam positionsShared explorationLock speedFull tech treeHidden civsTurbo modeCheats
Victory
Defeat
🇬🇧 Ethiopians · United Kingdom
1294
+11
🇬🇧 Khmer · United Kingdom
1256
+12
🇷🇺 Italians · Russia
1180
-11
🇷🇺 Burgundians · Russia
1176
-12
Deadmorozzzz
7:10 Loom
9:47 Feudal Age
16:54 Castle Age
vladislav.kutcher
4:54 Loom
10:43 Feudal Age
17:04 Castle Age
18:03 Double-Bit Axe
chpstkx
8:04 Loom
10:23 Feudal Age
11:39 Double-Bit Axe
13:26 Bloodlines
13:57 Horse Collar
15:45 Scale Barding Armor
Binny Bong Baron
8:02 Loom
10:06 Feudal Age
17:15 Fletching
17:26 Padded Archer Armor
Connection lost

Rejoining the realm…

Still unreachable

The connection could not be restored.

Session expired

The server has moved on; the page needs a fresh start.